 Dungeon Crawl Stone Soup version 0.18.1-50-g88ac8fd (webtiles) character file.

998 ololoev the Vexing (level 8, 0/36 HPs)
             Began as a Spriggan Enchanter on Oct 26, 2016.
             Slain by a sheep (5 damage)
             ... on level 7 of the Dungeon.
             The game lasted 00:11:17 (1558 turns).

ololoev the Vexing (Spriggan Enchanter)             Turns: 1558, Time: 00:11:18

Health: 0/36       AC:  4    Str:  4    XL:     8   Next: 0%
Magic:  0/17       EV: 26    Int: 19    God:
Gold:   263        SH:  0    Dex: 16    Spells: 7 memorised, 4 levels left

rFire  . . .     SeeInvis +     a - +1 dagger
rCold  . . .     Gourm    .     b - +1 robe
rNeg   . . .     Faith    .     (shield restricted)
rPois  .         Spirit   .     (helmet restricted)
rElec  .         Dismiss  .     p - +0 cloak
rCorr  +         Reflect  .     (gloves unavailable)
SustAt .         Harm     .     (boots unavailable)
MR     +....                    (no amulet)
Stlth  ++++......               x - ring of resist corrosion
                                l - +6 ring of evasion (curse)

@: very quick, somewhat resistant to hostile enchantments, stealthy
A: unfitting armour, see invisible, herbivore 3, speed 3, slow metabolism 2
a: no special abilities


Innate Abilities, Weirdness & Mutations

You are tiny and cannot use many weapons and most armour.
You have supernaturally acute eyesight.
You are a herbivore.
You cover ground extremely quickly.
You need consume almost no food.

Inventory:

Hand Weapons
 a - a +1 dagger (weapon)
Armour
 b - a +1 robe (worn)
 p - a +0 cloak (worn)
Jewellery
 l - a cursed +6 ring of evasion (left hand)
 x - a ring of resist corrosion (right hand)
Scrolls
 e - 6 scrolls of identify {unknown}
 h - a scroll of enchant weapon {unknown}
 j - 4 scrolls of remove curse {unknown}
 m - 2 scrolls of fear {unknown}
 n - a scroll of magic mapping {unknown}
 q - 2 scrolls of random uselessness {unknown}
 u - a scroll of noise {unknown}
 w - a scroll of acquirement {unknown}
 y - a scroll of blinking {unknown}
 z - a scroll of enchant armour {unknown}
 A - a scroll of immolation {unknown}
Potions
 f - 4 potions of heal wounds {unknown}
 g - a potion of haste {unknown}
 i - 5 potions of curing {unknown}
 k - a potion of ambrosia {unknown}
 o - a potion of lignification {unknown}
 r - a potion of agility {unknown}
 t - 2 potions of degeneration {unknown}
 v - a potion of flight {unknown}
Books
 c - a book of Maledictions

   Spells                             Type                      Level
   a - Corona                         Hexes                        1
   b - Ensorcelled Hibernation        Hexes/Ice                    2
   c - Confuse                        Hexes                        3
   d - Tukima's Dance                 Hexes                        3
   e - Dazzling Spray                 Conjuration/Hexes            3
 s - a book of Battle

   Spells                             Type                      Level
   a - Infusion                       Charms                       1
   b - Shroud of Golubria             Charms/Translocation         2
   c - Song of Slaying                Charms                       2
   d - Spectral Weapon                Hexes/Charms                 3
   e - Regeneration                   Charms/Necromancy            3
Comestibles
 d - 4 bread rations


   Skills:
 * Level 5.1 Short Blades
 + Level 5.3 Dodging
 + Level 6.8 Stealth
 * Level 5.7 Spellcasting
 * Level 6.8 Hexes


You had 4 spell levels left.
You knew the following spells:

 Your Spells              Type           Power        Failure   Level  Hunger
a - Corona                Hex            ####...      1%          1    None
b - Ensorcelled Hibernat  Hex/Ice        ###...       6%          2    None
c - Confuse               Hex            ####....     1%          3    ##.....
d - Dazzling Spray        Conj/Hex       ###...       12%         3    ##.....
e - Regeneration          Chrm/Necr      #.........   38%         3    ##.....
f - Apportation           Tloc           #.........   14%         1    None
g - Summon Butterflies    Summ           #.......     14%         1    None


You were on level 7 of the Dungeon.
You were not hungry.

You visited 1 branch of the dungeon, and saw 7 of its levels.

You collected 263 gold pieces.

#.....#..####.....
###.....#...##...###
............#...##
....##......Z.###
....##......##
....##....##
#######..##..##
#%%.†YZ.....##
#%..Y@#...###
###'####..#
#.....##..#
#.....##.##
#######..# ..## #..
### # ..# ##

Notes
Turn   | Place    | Note
--------------------------------------------------------------
     0 | D:1      | ololoev the Spriggan Enchanter began the quest for the Orb.
     0 | D:1      | Reached XP level 1. HP: 9/9 MP: 5/5
   148 | D:2      | Reached XP level 2. HP: 11/13 MP: 7/7
   152 | D:2      | Learned a level 2 spell: Ensorcelled Hibernation
   244 | D:4      | Reached XP level 3. HP: 16/16 MP: 2/8
   307 | D:4      | Found a basalt altar of Yredelemnul.
   422 | D:5      | Entered Level 5 of the Dungeon
   491 | D:4      | Reached skill level 5 in Stealth
   491 | D:4      | Reached XP level 4. HP: 21/21 MP: 3/10
   630 | D:5      | Learned a level 3 spell: Confuse
   637 | D:5      | Learned a level 3 spell: Dazzling Spray
   754 | D:5      | Noticed a necrophage
   768 | D:5      | Killed a necrophage
   768 | D:5      | Reached skill level 5 in Hexes
   768 | D:5      | Reached XP level 5. HP: 24/24 MP: 1/11
   944 | D:4      | Noticed an ogre
   986 | D:4      | Killed an ogre
   986 | D:4      | Goblin1989: кстати хочу про багнутую трову рассказать тебе
   986 | D:4      | Reached XP level 6. HP: 11/28 MP: 0/13
  1028 | D:5      | Goblin1989: вот есть которая все паети отбирает
  1033 | D:5      | Goblin1989: так вот
  1093 | D:6      | Goblin1989: когда играешь за хепла на нее пофиг, ибо даже на нулевом паети его союзник не исчезает и хуже не становится
  1110 | D:6      | Goblin1989: по мне так это чит
  1112 | D:6      | ololoev: абилки пропадают
  1139 | D:6      | Noticed a water moccasin
  1146 | D:6      | Killed a water moccasin
  1146 | D:6      | Reached XP level 7. HP: 22/32 MP: 3/15
  1150 | D:6      | Goblin1989: да если честно на абилки пофиг абсолютно
  1216 | D:7      | Goblin1989: нужно сделась чтобы союзник на 0 паети тоже обнулялся я думаю
  1281 | D:6      | Goblin1989: двинь предложение в таверне, пусть народ опечалится чутка
  1296 | D:6      | ololoev: да думаю всем пофиг будет
  1320 | D:6      | Goblin1989: ато я вчера попробовал за мерфолка поиграть и офигел от такой халявы
  1432 | D:7      | Reached skill level 5 in Spellcasting
  1440 | D:7      | Learned a level 3 spell: Regeneration
  1442 | D:7      | Learned a level 1 spell: Apportation
  1444 | D:7      | Learned a level 1 spell: Summon Butterflies
  1501 | D:7      | Found a blossoming altar of Fedhas.
  1541 | D:7      | Noticed a human
  1542 | D:7      | Noticed a yak
  1548 | D:7      | Killed a yak
  1548 | D:7      | Reached skill level 5 in Dodging
  1552 | D:7      | Killed a human
  1552 | D:7      | Reached skill level 5 in Short Blades
  1554 | D:7      | Reached XP level 8. HP: 23/36 MP: 2/17
  1558 | D:7      | Slain by a sheep

Dungeon Overview and Level Annotations

Branches:
Dungeon (7/15)
 Temple: D:4-7

Altars:
Fedhas
Yredelemnul


Message History

You open the door. 2 sheep and a human come into view.
Found 2 beef jerkies, 7 slices of pizza and 2 bread rations.
A sheep and a yak come into view.
The sheep bellows! x2
There is an open door here.
The sheep bellows!
The yak bellows!
The human shouts!
You close the door.
Casting: Ensorcelled Hibernation
Confirm with . or Enter, or press ? or * to list all spells.
Aiming: Ensorcelled Hibernation
Press: ? - help, Shift-Dir - straight line, f - human
Aim: a human, wielding a hand axe and wearing an animal skin (chance to defeat MR: 47%)
The human resists with some effort.
The human misses you.
Casting: Ensorcelled Hibernation
Confirm with . or Enter, or press ? or * to list all spells.
Aiming: Ensorcelled Hibernation
Press: ? - help, Shift-Dir - straight line, f/p - human
Aim: a human, wielding a hand axe and wearing an animal skin (chance to defeat MR: 47%)
The human resists with some effort.
The human completely misses you.
Casting: Ensorcelled Hibernation
Confirm with . or Enter, or press ? or * to list all spells.
Aiming: Ensorcelled Hibernation
Press: ? - help, Shift-Dir - straight line, f - yak, p - human
Aim: a yak (chance to defeat MR: 47%)
The yak looks drowsy...
The human misses you.
The helpless yak fails to defend itself.
You skewer the yak like a kebab!!!
You kill the yak!
Your Dodging skill increases to level 5!
Casting: Ensorcelled Hibernation
Confirm with . or Enter, or press ? or * to list all spells.
Aiming: Ensorcelled Hibernation
Press: ? - help, Shift-Dir - straight line, f - human
Aim: a human, wielding a hand axe and wearing an animal skin (chance to defeat MR: 48%)
The human resists with some effort.
The human barely misses you.
Casting: Ensorcelled Hibernation
Confirm with . or Enter, or press ? or * to list all spells.
Aiming: Ensorcelled Hibernation
Press: ? - help, Shift-Dir - straight line, f/p - human
Aim: a human, wielding a hand axe and wearing an animal skin (chance to defeat MR: 48%)
The human resists with some effort.
The sheep closely misses you. The human hits you with a hand axe!
Casting: Ensorcelled Hibernation
Confirm with . or Enter, or press ? or * to list all spells.
Aiming: Ensorcelled Hibernation
Press: ? - help, Shift-Dir - straight line, f/p - human
Aim: a human, wielding a hand axe and wearing an animal skin (chance to defeat MR: 48%)
The human looks drowsy...
The helpless human fails to defend itself.
You skewer the human like a kebab!!!
You kill the human!
Your Short Blades skill increases to level 5!
The sheep bites you.
Casting: Ensorcelled Hibernation
Confirm with . or Enter, or press ? or * to list all spells.
Aiming: Ensorcelled Hibernation
Press: ? - help, Shift-Dir - straight line, f - sheep
Aim: a sheep (chance to defeat MR: 57%)
The sheep looks drowsy...
The sheep barely misses you.
The helpless sheep fails to defend itself.
You skewer the sheep like a kebab!!!
You kill the sheep!
You have reached level 8!
The sheep bites you! The sheep closely misses you.
Unknown command.
Casting: Ensorcelled Hibernation
Confirm with . or Enter, or press ? or * to list all spells.
Aiming: Ensorcelled Hibernation
Press: ? - help, Shift-Dir - straight line, f - sheep
Aim: a sheep (chance to defeat MR: 57%)
The sheep resists with significant effort.
The sheep closely misses you. The sheep bites you but does no damage.
You open the door. The sheep misses you. The sheep completely misses you.
You hit the worker ant zombie but do no damage.
The sheep bites you!
The worker ant zombie barely misses you.
The sheep completely misses you.
You hit the worker ant zombie. The sheep bites you.
You die...

You could see 2 sheep and a worker ant zombie.

Vanquished Creatures
  A yak (D:7)
  A human (D:7)
  A water moccasin (D:6)
  A sky beast (D:7)
  A necrophage (D:5)
  An ogre (D:4)
  A giant frog (D:6)
  A crimson imp (D:6)
  An orc wizard (D:6)
  An iguana (D:4)
  5 worker ants
  A sheep (D:7)
  6 adders
  2 adder zombies
  2 giant geckos
  5 orcs
  A ball python (D:5)
  A giant cockroach (D:3)
  A hobgoblin (D:1)
  A jackal (D:4)
  3 giant newts
  A goblin (D:1)
  A jackal skeleton (D:5)
  2 kobolds
42 creatures vanquished.

Action                   |  1- 3 |  4- 6 |  7- 9 || total
-------------------------+-------+-------+-------++-------
Melee: Dagger            |    21 |    35 |    24 ||    80
 Cast: Corona            |     1 |     1 |       ||     2
       Ensorcelled Hiber |    10 |    16 |    15 ||    41
       Confuse           |       |     3 |     2 ||     5
 Stab: Sleeping          |    12 |    16 |     8 ||    36
       Confused          |       |     2 |     1 ||     3
Armor: Robe              |     1 |     3 |     1 ||     5
Dodge: Dodged            |    21 |    23 |    25 ||    69

Vault maps used:
D:1:      dpeg_arrival_chase, nrook_uturn
D:2:      ecumenical_altar_2, serial_bayou, serial_bayou_shore_b,
          serial_bayou_pond_d, serial_bayou_pond_c, serial_bayou_lagoon_a
D:3:      tso_altar
D:4:      kennysheep_flooded_box
D:5:      minmay_temple_entry_statues_pillars, first_bread
D:6:      basic_altar
D:7:      grunt_temple_overflow_magic_moments, overflow_temple_1_default,
          grunt_livestock, uniq_joseph
